 Dungeon Crawl Stone Soup version 0.23.2-1-ga50397a6bc (webtiles) character file.

Game seed: 2372734600666938986

107 Banduk the Shield-Bearer (level 5, 0/41 HPs)
             Began as a Human Fighter on May 5, 2019.
             Was an Initiate of Okawaru.
             Succumbed to an adder's poison
             ... on level 3 of the Dungeon.
             The game lasted 00:07:23 (1595 turns).

Banduk the Shield-Bearer (Human Fighter)            Turns: 1595, Time: 00:07:23

Health: 0/41       AC: 10    Str: 16    XL:     5   Next: 10%
Magic:  5/5        EV:  7    Int:  8    God:    Okawaru [......]
Gold:   188        SH:  9    Dex: 14    Spells: 4/4 levels left

rFire    . . .     SeeInvis .   a - +0 long sword
rCold    . . .     Gourm    .   c - +0 shield
rNeg     . . .     Faith    .   b - +0 scale mail
rPois    .         Spirit   .   (no helmet)
rElec    .         Reflect  .   e - +2 cloak
rCorr    .         Harm     .   (no gloves)
MR       .....                  (no boots)
Stlth    ..........             (no amulet)
HPRegen  0.13/turn              m - ring of flight
MPRegen  0.09/turn              (no ring)

@: lethally poisoned (0 -> -9)
A: no striking features
a: Renounce Religion, Evoke Flight


You were on level 3 of the Dungeon.
You worshipped Okawaru.
Okawaru was noncommittal.
You were not hungry.

You visited 1 branch of the dungeon, and saw 3 of its levels.

You collected 188 gold pieces.

Inventory:

Hand Weapons
 a - a +0 long sword (weapon)
Armour
 b - a +0 scale mail (worn)
 c - a +0 shield (worn)
 e - a +2 cloak (worn)
Jewellery
 m - a ring of flight (left hand)
Scrolls
 f - a scroll of remove curse {unknown}
 h - a scroll of teleportation
 n - a scroll of enchant weapon {unknown}
Potions
 d - a potion of might
 g - a potion of ambrosia {unknown}
 i - 2 potions of heal wounds
 j - a potion of lignification {unknown}
 o - a potion of brilliance {unknown}
Comestibles
 l - 3 rations


   Skills:
 + Level 3.2 Fighting
 * Level 3.5 Long Blades
 + Level 3.3 Armour
 + Level 0.8 Dodging
 + Level 3.7 Shields


You had 4 spell levels left.
You didn't know any spells.
Your spell library was empty.

Dungeon Overview and Level Annotations

Branches:
Dungeon (3/15)

Altars:
Okawaru

Annotations:
D:2 Natasha


Message History

You are too injured to fight recklessly!
You closely miss the adder.
The adder is severely wounded.
* * * LOW HITPOINT WARNING * * *
You feel sick. The adder bites you but does no damage.
You block the adder's attack.
You hit the adder but do no damage.
The adder is severely wounded.
* * * LOW HITPOINT WARNING * * *
You feel sick. You block the adder's attack.
The adder bites you but does no damage.
You hit the adder but do no damage.
The adder is severely wounded.
The adder bites you.
* * * LOW HITPOINT WARNING * * *
You are more poisoned.
The adder poisons you!
As you read the scroll of fear, it crumbles to dust.
You assume a fearsome visage.
The adder looks frightened!
You die...

.## #######
.$..#.....##
...........##
...........<#
.......@....#
.......S....#
............#
............#
............#
...........##
....#.....##
.#######...


You could see an adder (fleeing).

Vanquished Creatures
  Natasha (twice) (D:2)
  2 leopard geckos
  A ball python (D:2)
  4 bats (D:1)
  5 giant cockroaches
  9 goblins
  2 hobgoblins
  5 jackals (D:2)
  A quokka (D:2)
  4 frilled lizards
  2 kobolds (D:1)
  20 rats
57 creatures vanquished.

Notes
Turn   | Place    | Note
-------+----------+-------------------------------------------
     0 | D:1      | Banduk the Human Fighter began the quest for the Orb.
     0 | D:1      | Reached XP level 1. HP: 18/18 MP: 1/1
   117 | D:1      | Reached XP level 2. HP: 21/24 MP: 2/2
   527 | D:1      | Reached XP level 3. HP: 29/29 MP: 3/3
  1154 | D:2      | Reached XP level 4. HP: 32/35 MP: 4/4
  1264 | D:2      | Found an iron altar of Okawaru.
  1274 | D:2      | Became a worshipper of Warmaster Okawaru
  1382 | D:2      | Noticed Natasha
  1390 | D:2      | Killed Natasha
  1474 | D:2      | Noticed Natasha
  1494 | D:2      | Killed Natasha
  1494 | D:2      | Reached XP level 5. HP: 10/41 MP: 5/5
  1553 | D:2      | Noticed Natasha
  1593 | D:3      | HP: 2/41 [poisoned by an adder]
  1595 | D:3      | Succumbed to an adder's poison

Skill      XL: |  1  2  3 |
---------------+----------+-----
Long Blades    | 3 |  3.5
Fighting       | |  3.2
Armour         | |  3.3
Dodging        | |  0.8
Shields        | |  3.7

Action                   |  1- 3 |  4- 6 || total
-------------------------+-------+-------++-------
Melee: Long sword        |   117 |    58 ||   175
  Use: Scroll            |     4 |     1 ||     5
  Eat: Ration            |     1 |       ||     1
Armor: Scale mail        |    83 |    23 ||   106
Dodge: Dodged            |    61 |    17 ||    78
Block: Shield            |    88 |    24 ||   112
       Rpst.: Long sword |    16 |     4 ||    20
